AoeStats
← goldenboy54

Arena

510666121Analyzed
4v4 RM · 13h ago on Oct 2, 2026· 67m 53s· 8 players
Game mode
Random Map
Map size
Large (8 player)
Population
200
Speed
Normal
Resources
Standard
Victory
Conquest
Starting age
Dark Age
Ending age
Imperial Age
RankedLock teamsTeams togetherTeam positionsShared explorationLock speedFull tech treeHidden civsTurbo modeCheats
Victory
Defeat
🇺🇸 Chinese · United States
1071
+12
🇺🇸 Georgians · United States
1070
+12
🇺🇸 Teutons · United States
1044
+13
🇨🇳 Italians · China
915
+19
🇨🇳 Khmer · China
1039
-16
🇨🇴 Gurjaras · Colombia
989
-14
🇧🇷 Bohemians · Brazil
980
-14
🇺🇸 Spanish · United States
931
-12
leanrevolver
9:33 Loom
11:56 Feudal Age
16:53 Castle Age
16:12 Scale Barding Armor
18:12 Horse Collar
18:20 Double-Bit Axe
19:49 Heavy Plow
20:10 Bow Saw
21:37 Wheelbarrow
24:03 Hand Cart
25:55 Chain Barding Armor
31:57 Imperial Age
32:08 Imperial Age
31:34 Fletching
34:13 Chemistry
38:38 Murder Holes
39:27 Plate Barding Armor
39:30 Town Watch
40:42 Gold Mining
45:30 Forging
46:59 Iron Casting
50:42 Gold Shaft Mining
53:15 Town Watch
59:06 Light Cavalry
59:57 Bloodlines
60:29 Hussar
61:39 Heavy Camel Rider
goldenboy54
5:58 Loom
13:51 Feudal Age
17:00 Fletching
17:11 Padded Archer Armor
17:12 Scale Mail Armor
17:19 Scale Barding Armor
17:36 Double-Bit Axe
17:45 Gold Mining
20:06 Castle Age
17:52 Horse Collar
19:05 Wheelbarrow
19:27 Forging
21:18 Bow Saw
25:59 Hand Cart
31:59 Fortified Wall
31:59 Masonry
31:45 Murder Holes
32:14 Ballistics
35:17 Imperial Age
33:37 Bloodlines
33:46 Husbandry
35:36 Cavalier
37:29 Paladin
37:30 Light Cavalry
38:06 Pikeman
38:47 Squires
38:33 Gambesons
38:33 Arson
39:05 Chain Mail Armor
39:11 Chain Barding Armor
39:27 Iron Casting
38:47 Bodkin Arrow
39:08 Leather Archer Armor
41:11 Halberdier
42:28 Hussar
42:53 Elite Skirmisher
49:38 Heresy
54:07 Chemistry
54:19 Ring Archer Armor
53:50 Bracer
54:23 Plate Mail Armor
53:50 Arrowslits
taylorzanin
11:08 Feudal Age
16:06 Castle Age
16:06 Horse Collar
16:14 Double-Bit Axe
20:12 Bow Saw
28:43 Heavy Plow
29:02 Loom
29:52 Wheelbarrow
32:30 Imperial Age
30:24 Town Watch
31:00 Fletching
31:21 Crossbowman
32:50 Arbalester
33:28 Bodkin Arrow
34:05 Ballistics
35:26 Chemistry
35:01 Hand Cart
34:33 Pikeman
38:05 Bombard Tower
38:24 Cavalier
39:04 Husbandry
40:49 Scale Barding Armor
40:55 Forging
51:00 Chain Barding Armor
51:16 Iron Casting
53:17 Light Cavalry
king vitt
0:29 Loom
14:04 Feudal Age
15:36 Wheelbarrow
14:50 Double-Bit Axe
14:52 Horse Collar
18:55 Castle Age
19:59 Hand Cart
20:45 Bow Saw
20:38 Heavy Plow
29:42 Imperial Age
28:05 Gold Mining
28:08 Stone Mining
28:52 Fortified Wall
29:27 Gold Shaft Mining
29:31 Stone Shaft Mining
29:23 Town Watch
30:10 Scale Barding Armor
30:37 Ballistics
30:37 Husbandry
30:47 Bloodlines
29:58 Light Cavalry
31:30 Chain Barding Armor
32:14 Chemistry
31:16 Elite Ballista Elephant
32:18 Conscription
32:18 Double Crossbow
32:30 Heavy Scorpion
33:54 Crop Rotation
34:17 Siege Engineers
35:52 Plate Barding Armor
35:53 Masonry
37:02 Hussar
37:56 Forging
38:20 Town Patrol
39:33 Iron Casting
39:49 Hoardings
39:54 Architecture
39:20 Murder Holes
52:03 Onager
59:32 Caravan
NITRO_OF_THE_OLD_DOMINION
11:00 Feudal Age
15:45 Castle Age
14:37 Double-Bit Axe
14:37 Horse Collar
20:54 Redemption
21:57 Sanctity
24:42 Pikeman
27:01 Wheelbarrow
29:24 Hand Cart
30:08 Scale Mail Armor
30:19 Forging
30:18 Heavy Plow
33:57 Imperial Age
31:03 Elite Skirmisher
31:51 Fletching
32:17 Chain Mail Armor
32:38 Iron Casting
32:55 Bodkin Arrow
33:00 Padded Archer Armor
33:42 Masonry
33:44 Fortified Wall
35:12 Crenellations
36:09 Ballistics
36:26 Leather Archer Armor
36:42 Plate Mail Armor
37:44 Siege Engineers
38:40 Chemistry
40:14 Blast Furnace
39:45 Ring Archer Armor
39:26 Halberdier
40:16 Squires
40:02 Arson
41:20 Theocracy
41:50 Block Printing
45:12 Conscription
44:12 Elite Teutonic Knight
45:28 Hoardings
48:18 Guard Tower
48:14 Arrowslits
49:44 Illumination
49:30 Fervor
49:46 Heresy
52:25 Ironclad
52:00 Capped Ram
62:44 Keep
ITHero1
0:28 Loom
12:16 Feudal Age
16:33 Castle Age
15:17 Double-Bit Axe
15:16 Horse Collar
17:36 Bow Saw
22:28 Heavy Plow
24:17 Gold Mining
25:17 Stone Mining
28:12 Fortified Wall
28:25 Ballistics
28:47 Wheelbarrow
27:58 Town Watch
32:01 Imperial Age
30:08 Hand Cart
31:03 Fletching
31:13 Padded Archer Armor
31:55 Gold Shaft Mining
31:58 Stone Shaft Mining
31:38 Masonry
32:07 Bodkin Arrow
33:09 Conscription
32:20 Heavy Rocket Cart
34:23 Two-Man Saw
34:43 Chemistry
34:57 Bracer
34:59 Scale Mail Armor
34:59 Murder Holes
37:01 Forging
38:27 Great Wall
37:54 Elite Chu Ko Nu
38:39 Squires
41:10 Thumb Ring
40:30 Pikeman
44:22 Leather Archer Armor
44:23 Chain Mail Armor
44:43 Iron Casting
45:16 Halberdier
46:31 Plate Mail Armor
46:32 Ring Archer Armor
50:21 Elite Skirmisher
52:53 Arson
55:38 Capped Ram
56:41 Siege Ram
68:20 Blast Furnace
67:29 Scale Barding Armor
Southern Knight
12:22 Feudal Age
16:37 Castle Age
14:30 Double-Bit Axe
15:17 Horse Collar
22:19 Wheelbarrow
23:02 Scale Barding Armor
22:49 Loom
24:53 Forging
24:40 Stone Mining
26:37 Gold Mining
27:35 Chain Barding Armor
31:01 Heavy Plow
32:58 Bloodlines
34:05 Iron Casting
34:23 Husbandry
38:46 Imperial Age
38:43 Bow Saw
39:17 Stone Shaft Mining
39:48 Sanctity
38:50 Elite Monaspa
39:51 Conscription
40:32 Blast Furnace
40:29 Town Watch
44:41 Onager
46:26 Plate Barding Armor
46:12 Guilds
47:00 Hand Cart
48:42 Siege Engineers
49:38 Chemistry
48:11 Siege Onager
48:41 Light Cavalry
51:26 Ballistics
51:17 Fortified Wall
50:40 Hussar
51:43 Capped Ram
57:43 Siege Ram
60:27 Treadmill Crane
60:37 Guard Tower
60:33 Arrowslits
60:54 Aznauri Cavalry
60:57 Svan Towers
61:28 Hoardings
64:20 Fervor
64:46 Coinage
64:16 Caravan
66:25 Keep
66:01 Masonry
65:51 Murder Holes
66:55 Banking
打不过
3:00 Loom
10:09 Feudal Age
14:06 Stone Mining
16:31 Castle Age
15:32 Double-Bit Axe
15:48 Horse Collar
16:24 Gold Mining
25:56 Forging
26:57 Heavy Plow
27:09 Bow Saw
30:16 Imperial Age
28:40 Wheelbarrow
27:51 Town Watch
28:39 Fletching
28:55 Padded Archer Armor
28:38 Pikeman
29:19 Squires
30:32 Stone Shaft Mining
30:19 Arson
31:27 Conscription
33:54 Crop Rotation
34:25 Two-Man Saw
34:40 Hand Cart
35:05 Town Patrol
35:31 Ballistics
36:11 Chemistry
34:54 Treadmill Crane
36:36 Bodkin Arrow
36:58 Leather Archer Armor
38:01 Bracer
38:18 Herbal Medicine
39:26 Hoardings
39:02 Masonry
40:16 Ring Archer Armor
41:28 Scale Mail Armor
41:33 Scale Barding Armor
42:49 Bloodlines
43:04 Chain Mail Armor
44:16 Bloodlines
43:26 Light Cavalry
44:19 Husbandry
44:41 Chain Barding Armor
49:24 Architecture
50:55 Silk Road
51:03 Pirotechnia
52:07 Hussar
54:52 Elite Skirmisher
55:43 Thumb Ring
56:23 Caravan
61:16 Capped Ram
61:23 Man-at-Arms
62:44 Silk Road
63:01 Plate Mail Armor
62:46 Long Swordsman
63:31 Two-Handed Swordsman
64:42 Champion
Connection lost

Rejoining the realm…

Still unreachable

The connection could not be restored.

Session expired

The server has moved on; the page needs a fresh start.